AoeStats
← Ux'DonChauron

African Clearing

510403547Analyzed
4v4 RM · 1d ago on Sep 30, 2026· 62m 54s· 8 players
Game mode
Random Map
Map size
Large (8 player)
Population
200
Speed
Normal
Resources
Standard
Victory
Conquest
Starting age
Dark Age
Ending age
Imperial Age
RankedLock teamsTeams togetherTeam positionsShared explorationLock speedFull tech treeHidden civsTurbo modeCheats
Victory
Defeat
🇦🇷 Gurjaras · Argentina
1486
+15
🇨🇱 Varangians · Chile
1485
+15
🇦🇷 Italians · Argentina
1361
+20
🇨🇱 Romans · Chile
1359
+20
🇪🇸 Mongols · Spain
1569
-23
🇪🇸 Armenians · Spain
1502
-19
🇪🇸 Vietnamese · Spain
1450
-17
🇺🇸 Persians · United States
1305
-11
恋蔓 | Yadranik
9:52 Loom
12:31 Feudal Age
13:41 Man-at-Arms
18:20 Castle Age
24:54 Bloodlines
30:54 Wheelbarrow
33:21 Double-Bit Axe
35:25 Horse Collar
38:36 Imperial Age
40:56 Chemistry
40:56 Ballistics
40:44 Town Watch
42:57 Siege Engineers
42:25 Cavalier
43:08 Fletching
43:24 Capped Ram
44:21 Siege Ram
49:10 Heavy Scorpion
57:23 Scale Barding Armor
57:29 Forging
58:23 Bow Saw
58:51 Squires
58:54 Scale Mail Armor
58:47 Pikeman
62:31 Hand Cart
62:16 Town Patrol
62:30 Masonry
63:10 Chain Mail Armor
Dino_Mate
3:11 Loom
12:56 Feudal Age
13:39 Double-Bit Axe
16:36 Town Watch
17:58 Fletching
24:18 Castle Age
22:51 Stone Mining
24:36 Horse Collar
30:00 Bodkin Arrow
36:40 Ballistics
39:44 Padded Archer Armor
42:51 Leather Archer Armor
43:27 Thumb Ring
50:21 Coinage
50:41 Gold Mining
55:30 Wheelbarrow
57:27 Heavy Plow
58:44 Hand Cart
60:50 Town Patrol
Moti
8:52 Loom
12:56 Feudal Age
13:38 Double-Bit Axe
14:05 Horse Collar
16:47 Wheelbarrow
17:34 Forging
19:11 Bloodlines
20:12 Town Watch
24:30 Castle Age
25:17 Scale Barding Armor
24:36 Light Cavalry
25:17 Fletching
34:12 Chain Barding Armor
42:35 Imperial Age
43:54 Imperial Age
42:31 Husbandry
43:00 Gold Mining
43:03 Stone Mining
43:50 Iron Casting
44:01 Cavalier
45:25 Plate Barding Armor
48:00 Bow Saw
47:51 Heavy Plow
49:54 Hand Cart
53:15 Conscription
55:54 Hussar
J.AVI
10:36 Loom
12:22 Feudal Age
17:14 Castle Age
15:34 Double-Bit Axe
29:06 Horse Collar
31:43 Wheelbarrow
33:14 Scale Barding Armor
38:51 Imperial Age
36:35 Gold Mining
37:31 Fletching
39:07 Husbandry
39:58 Bloodlines
42:23 Chain Barding Armor
44:04 Plate Barding Armor
43:40 Forging
47:30 Elite Shrivamsha Rider
51:20 Iron Casting
51:05 Light Cavalry
55:39 Hand Cart
55:38 Bow Saw
55:46 Kshatriyas
VIP IVORY
12:20 Feudal Age
15:55 Castle Age
14:20 Double-Bit Axe
15:37 Loom
17:53 Bow Saw
25:28 Wheelbarrow
26:29 Hand Cart
27:08 Town Watch
29:04 Town Patrol
28:56 Gold Mining
31:56 Imperial Age
30:13 Fletching
32:11 Scale Barding Armor
32:07 Sappers
33:46 Bodkin Arrow
34:16 Ballistics
37:35 Chemistry
37:07 Chain Barding Armor
37:09 Conscription
41:49 Kamandaran
41:51 Padded Archer Armor
41:40 Crossbowman
42:52 Thumb Ring
50:05 Masonry
49:50 Murder Holes
52:44 Leather Archer Armor
54:07 Two-Man Saw
61:53 Coinage
61:35 Guilds
61:54 Gambesons
62:09 Squires
61:30 Pikeman
62:11 Scale Mail Armor
62:21 Forging
63:20 Chain Mail Armor
63:41 Banking
62:46 Halberdier
Ux'DonChauron
7:20 Loom
10:49 Feudal Age
12:27 Fletching
13:53 Town Watch
24:21 Castle Age
40:24 Bodkin Arrow
44:34 Bloodlines
46:15 Husbandry
49:25 Wheelbarrow
51:22 Wheelbarrow
59:32 Stone Mining
Ux'Tycho0201
6:28 Loom
12:53 Feudal Age
13:44 Double-Bit Axe
15:12 Horse Collar
22:30 Gold Mining
24:28 Scale Barding Armor
27:52 Castle Age
27:17 Scale Mail Armor
28:54 Chain Mail Armor
28:50 Forging
28:31 Fletching
31:04 Bow Saw
34:53 Squires
38:25 Arson
39:30 Heavy Plow
46:59 Imperial Age
45:05 Wheelbarrow
46:53 Iron Casting
46:14 Bodkin Arrow
46:10 Pikeman
48:17 Hand Cart
47:54 Town Watch
49:19 Onager
50:43 Elite Fire Lancer
51:04 Onager
52:05 Halberdier
54:20 Two-Man Saw
54:30 Plate Mail Armor
55:17 Masonry
57:26 Bloodlines
57:17 Husbandry
61:05 Scale Barding Armor
Ux'TheNovack
9:57 Loom
12:54 Feudal Age
13:35 Double-Bit Axe
18:59 Castle Age
17:28 Fletching
20:20 Wheelbarrow
19:21 Crossbowman
20:28 Bodkin Arrow
21:50 Wheelbarrow
26:33 Wheelbarrow
32:28 Horse Collar
34:28 Ballistics
39:13 Imperial Age
39:15 Arbalester
40:00 Bracer
41:05 Chemistry
43:35 Padded Archer Armor
43:32 Stone Mining
43:35 Gold Mining
45:44 Conscription
48:28 Onager
61:56 Light Cavalry
Connection lost

Rejoining the realm…

Still unreachable

The connection could not be restored.

Session expired

The server has moved on; the page needs a fresh start.